Map: Cerulean Fall LE

Players

LiquidMaNa (MaNa)

  • Race: Protoss Protoss
  • League: Grandmaster
  • Spawn Location: 7:00

HeroMarine - Winner!

  • Race: Terran Terran
  • League: Master
  • Spawn Location: 1:00

Event: IEM Season 13 - Katowice Server Qualifiers Europe

VOD

Have the link to the VOD?

Description

Time

  • Played on: Jan. 8, 2019, 10:54 a.m.
  • Length: 11:46

All games in this series

Show
View Real Time Build Order
Export as new Build Order

LiquidMaNa Protoss 

Build Orders: 1 Gate Expand, Oracle Opening, Zealot Archon 

Get SALT Encoding   

  12  0:00  Probe  
  13  0:12  Probe  
  14  0:17  Pylon  
  14  0:23  Probe  
  15  0:31  Probe  
  15  0:36  Gateway  
  15  0:41  Probe  
  15  0:42  Assimilator  
  17  0:53  Probe  
  18  1:05  Probe  
  19  1:17  Probe  
  20  1:22  Nexus  
  20  1:33  Cybernetics Core  
  20  1:36  Probe  
  21  1:48  Probe, Assimilator  
  22  1:57  Pylon  
  22  2:00  Probe  
  23  2:06  Adept  
  23  2:15  Probe  
  26  2:21  Stargate  
  26  2:25  Adept  
  26  2:27  Probe  
  27  2:35  Warp Gate  
  27  2:36  Probe  
  29  2:39  Probe  
  30  2:49  Probe  
  30  2:50  Adept  
  31  2:51  Probe  
  33  2:58  Oracle  
  33  3:01  Probe  
  33  3:04  Probe  
  38  3:13  Probe  
  38  3:16  Probe  
  40  3:25  Probe  
  41  3:28  Probe  
  42  3:34  Nexus  
  42  3:37  Probe  
  42  3:39  Pylon  
  42  3:41  Probe  
  44  3:49  Probe  
  44  3:53  Probe  
  46  3:56  Oracle  
  46  4:01  Probe  
  50  4:05  Probe  
  50  4:08  Pylon  
  51  4:11  Gateway  
  51  4:13  Probe  
  51  4:16  Gateway  
  52  4:18  Probe  
  52  4:21  Pylon  
  53  4:25  Probe  
  53  4:27  Twilight Council  
  53  4:28  Pylon  
  54  4:34  Forge  
  54  4:37  Probe x2  
  56  4:40  Sentry  
  56  4:42  Assimilator  
  56  4:43  Phoenix  
  60  4:47  Probe  
  60  4:49  Probe  
  60  4:50  Charge, Probe  
  60  4:51  Protoss Ground Armor Level 1  
  63  4:56  Gateway  
  63  4:59  Probe  
  64  5:01  Probe  
  65  5:11  Probe  
  65  5:12  Probe  
  65  5:14  Probe, Zealot x2  
  72  5:21  Zealot  
  72  5:23  Probe  
  72  5:24  Probe  
  72  5:28  Phoenix  
  78  5:32  Gateway  
  78  5:33  Gateway  
  78  5:35  Probe  
  79  5:36  Probe x2  
  79  5:41  Gateway  
  81  5:47  Robotics Facility  
  81  5:51  Pylon  
  81  5:53  Pylon  
  81  5:57  Probe x2  
  81  6:01  Gateway  
  83  6:04  Templar Archives  
  83  6:06  Pylon  
  83  6:07  Assimilator  
  83  6:12  Zealot x3  
  83  6:14  Zealot  
  91  6:27  Gateway  
  91  6:34  Zealot x5  
  91  6:35  Zealot  
  103  6:40  Warp Prism  
  103  6:43  Protoss Ground Armor Level 2  
  103  6:52  Pylon  
  105  7:03  Zealot x6  
  117  7:26  Zealot x8  
  117  7:27  Zealot  
  117  7:28  Probe x2  
  89  7:47  High Templar x6  
  89  7:48  Zealot x3  
  101  7:51  Archon x2  
  101  7:52  Archon  
  101  7:55  Probe x3  
  101  7:56  Nexus  
  88  8:14  Zealot x3  
  88  8:19  Robotics Bay  
  94  8:21  Zealot  
  94  8:22  Zealot x5  
  94  8:23  Probe x3  
  94  8:25  Pylon  
  94  8:26  Observer  
  108  8:35  Probe  
  108  8:37  Zealot x3  
  108  8:40  Photon Cannon  
  111  8:41  Shield Battery  
  111  8:42  Zealot x4  
  111  8:44  Sentry x2  
  123  8:55  Blink  
  119  9:05  Stalker x3  
  119  9:06  Zealot x4  
  132  9:31  Pylon  
  128  9:33  Pylon  
  128  9:35  Pylon  
  122  9:39  Nexus  
  122  9:42  Pylon  
  122  9:44  Pylon  
  116  9:52  Pylon, Stalker  
  118  9:57  Pylon  
  114  10:02  Stalker x4  
  120  10:10  Pylon  
  104  10:21  Zealot x2  
  88  10:25  Zealot x5  
  88  10:26  Probe  
  89  10:33  Colossus  
  83  10:41  Shield Battery  
  83  10:44  Zealot x6  
  83  10:45  Zealot  
  83  10:49  Assimilator  
  89  11:00  Zealot x4  
  87  11:06  Zealot x3  
  58  11:19  Stalker  
  58  11:20  Stalker x2  
  58  11:22  Stalker  
  60  11:26  Zealot  
  60  11:27  Zealot x2  
  60  11:29  Zealot x3  
Show
View Real Time Build Order
Export as new Build Order

HeroMarine Terran - Winner!

Build Orders: Gas First Reaper Expand 

Get SALT Encoding   

  12  0:00  SCV  
  13  0:13  SCV  
  14  0:17  Supply Depot  
  14  0:25  SCV  
  15  0:30  Refinery  
  15  0:39  SCV  
  16  0:44  Barracks  
  16  0:51  SCV  
  17  1:03  SCV  
  18  1:15  SCV  
  19  1:30  Reaper  
  19  1:31  Orbital Command  
  20  1:45  Command Center  
  20  1:56  SCV  
  20  2:00  Factory  
  21  2:09  SCV  
  21  2:12  Barracks Reactor, Supply Depot  
  22  2:16  Refinery  
  22  2:21  SCV  
  23  2:34  SCV  
  24  2:45  Hellion  
  24  2:46  SCV  
  24  2:47  Starport  
  24  2:49  Marine x2  
  29  2:58  SCV  
  29  3:01  Orbital Command  
  30  3:07  Marine x2  
  30  3:10  SCV  
  30  3:11  Widow Mine  
  33  3:23  SCV  
  36  3:27  SCV  
  36  3:28  Marine x2  
  36  3:31  Starport Tech Lab  
  36  3:33  Factory Tech Lab  
  37  3:35  SCV  
  37  3:39  SCV  
  37  3:40  Supply Depot  
  39  3:47  SCV  
  40  3:49  Marine x2  
  40  3:51  SCV  
  43  4:00  SCV  
  43  4:03  SCV  
  43  4:04  Cyclone  
  43  4:07  Marine x2  
  49  4:15  Raven  
  49  4:16  SCV x2  
  53  4:27  Supply Depot  
  53  4:28  Supply Depot  
  53  4:29  SCV  
  54  4:36  SCV  
  54  4:37  Command Center  
  53  4:41  SCV  
  53  4:43  Siege Tank  
  57  4:48  SCV  
  57  4:52  Refinery  
  58  4:53  SCV  
  58  4:54  Refinery  
  59  5:00  SCV  
  59  5:04  Engineering Bay  
  59  5:05  Engineering Bay  
  59  5:06  Marine, Stimpack  
  61  5:09  SCV  
  61  5:12  SCV  
  61  5:13  Starport Reactor  
  63  5:19  Barracks  
  63  5:21  Barracks  
  63  5:23  SCV  
  63  5:25  SCV  
  65  5:31  Terran Infantry Weapons Level 1  
  65  5:33  Terran Infantry Armor Level 1  
  65  5:36  SCV  
  65  5:37  SCV  
  65  5:42  Marine, Missile Turret  
  68  5:52  Factory Reactor  
  68  5:54  Barracks  
  68  5:57  Barracks  
  68  5:58  Orbital Command  
  68  6:01  Starport Reactor  
  68  6:03  Marauder  
  70  6:06  Marine x2  
  72  6:11  Supply Depot  
  72  6:14  Combat Shield  
  72  6:15  Marauder  
  74  6:20  Orbital Command  
  74  6:22  Missile Turret  
  74  6:24  Marine x2  
  76  6:26  Marauder  
  76  6:30  Widow Mine x2  
  82  6:36  Marauder  
  84  6:42  Marine x2  
  84  6:43  Barracks Tech Lab, Medivac x2  
  90  6:48  Marauder  
  90  6:49  Supply Depot x2  
  90  6:53  Supply Depot  
  92  6:56  Marine  
  93  7:06  Concussive Shells, Supply Depot  
  93  7:07  Supply Depot  
  93  7:10  Marine  
  93  7:11  Widow Mine x2  
  93  7:12  Marauder  
  93  7:13  Medivac x2  
  93  7:14  Marauder  
  106  7:17  Marauder  
  105  7:23  Marine x2  
  105  7:24  Marine  
  105  7:26  SCV  
  105  7:27  SCV  
  105  7:28  Marine  
  105  7:29  SCV  
  96  7:32  Marine  
  96  7:35  Marine  
  95  7:37  Widow Mine  
  95  7:38  Marine, Liberator  
  95  7:39  Liberator  
  95  7:41  Marine x2  
  95  7:44  Marine  
  96  7:46  Marine  
  96  7:51  Marauder  
  93  7:53  Marauder, Widow Mine  
  93  7:56  Marine  
  103  7:59  Marine  
  103  8:00  Widow Mine  
  103  8:04  Orbital Command  
  100  8:07  Marine x2  
  100  8:08  Marine  
  100  8:12  Marauder  
  105  8:13  Marine  
  105  8:15  Widow Mine  
  108  8:21  Widow Mine  
  110  8:27  Marine x2  
  110  8:28  Marine x2  
  110  8:33  Marauder x2  
  110  8:34  Marauder  
  119  8:43  Medivac  
  119  8:45  Marine x2, Medivac  
  125  9:00  Supply Depot  
  125  9:01  Supply Depot  
  125  9:09  Marauder  
  125  9:10  Marine x2, Orbital Command  
  125  9:13  Marauder  
  125  9:20  Marine x2  
  125  9:21  Marine, Medivac x2  
  129  9:28  Marine x2  
  129  9:30  Marine  
  127  9:33  Marine, Widow Mine  
  127  9:34  Widow Mine  
  127  9:38  Marine x2  
  134  9:39  Marine  
  133  9:45  Marine x2  
  133  9:48  Marine  
  133  9:51  Marine, Medivac x2  
  138  9:55  Widow Mine  
  138  9:56  Marine  
  138  9:58  Widow Mine  
  142  10:02  Marine x2  
  142  10:03  Marine  
  142  10:04  Marauder, Liberator x2  
  142  10:06  Marine  
  148  10:11  Marauder  
  148  10:13  Marine  
  129  10:16  Widow Mine  
  129  10:20  Marine x2, Widow Mine  
  112  10:23  Marine  
  112  10:24  Marauder  
  112  10:25  Marauder  
  112  10:27  Orbital Command  
  115  10:31  Marine  
  115  10:32  Marine  
  113  10:37  Marine  
  112  10:43  Widow Mine  
  112  10:44  Marine  
  112  10:45  Marine, Marauder  
  114  10:51  Marine x2, Marauder  
  114  10:55  Marine  
  116  11:02  Marine x2  
  113  11:07  Marauder  
  113  11:09  Marine, Marauder  
  115  11:13  Marine x2  
  110  11:20  Marine x2  
  110  11:27  Marine  

Tags
 
Add a new tag
Caveats
  • Supply blocks, unpowered buildings, or Contaminate may cause inaccurate times.
  • Supply counts are checked every 10 seconds.